 Dungeon Crawl Stone Soup version 0.14.2-1-g46dc7f8a84 (webtiles) character file.

522 mrath the Cudgeler (level 6, -2/52 HPs)
             Began as a Minotaur Fighter on Aug 7, 2020.
             Killed from afar by an orc wizard (6 damage)
             ... with a magic dart
             ... on Level 4 of the Dungeon on Aug 11, 2020.
             The game lasted 00:25:37 (4059 turns).

mrath the Cudgeler (Minotaur Fighter)               Turns: 4059, Time: 00:25:37

HP  -2/52        AC  8     Str 22      XL: 6   Next: 45%
MP   3/3         EV  7     Int  5      God:
Gold 144         SH 19     Dex 10      Spells:  0 memorised,  5 levels left

rFire  . . .     SeeInvis .     a - +0 flail
rCold  . . .     Clarity  .     b - +0 scale mail
rNeg   . . .     Conserve .     c - +0 shield
rPois  .         rCorr    .     (helmet restricted)
rElec  .         rRot     .     j - +0 cloak
SustAb . .       Spirit   .     (no gloves)
rMut   .         Warding  .     (no boots)
Saprov . . .     Stasis   .     (no amulet)
MR     .....                    (no ring)
                                (no ring)

@: not resistant to hostile enchantments, extremely unstealthy
A: retaliatory headbutt, horns 2
a: no special abilities


You were on level 4 of the Dungeon.
You were not hungry.

You visited 1 branch of the dungeon, and saw 4 of its levels.
You also visited: Sewer.

You collected 144 gold pieces.

Inventory:

Hand weapons
 a - a +0,+0 flail (weapon)
 l - a cursed -1,-1 whip
 E - a cursed -2 blowgun
 H - a +2,+1 bow of frost
Missiles
 f - 38 stones
 m - 86 darts (quivered)
 n - 58 arrows
 q - 11 bolts
 u - 14 poisoned bolts
 v - 50 poisoned needles
 w - 14 exploding darts
 G - 24 sling bullets
Armour
 b - a +0 scale mail (worn)
 c - a +0 shield (worn)
 j - a +0 cloak (worn)
 F - a +2 plate armour
Magical devices
 r - a wand of cold (9) {unknown}
Comestibles
 d - 4 bread rations
 h - a pear
 p - a meat ration
 I - a rotting chunk of quokka flesh
Scrolls
 k - 2 scrolls of immolation {unknown}
 o - 3 scrolls of identify {unknown}
 s - a scroll of enchant weapon I {unknown}
 t - 2 scrolls of remove curse {unknown}
Potions
 e - a potion of might
 g - a potion of lignification {unknown}
 i - 3 potions of heal wounds {unknown}
 x - a potion of degeneration {unknown}
 z - a potion of poison {unknown}
 A - 4 potions of curing {unknown}
 B - 2 potions of flight {unknown}
 C - a potion of brilliance {unknown}
 J - a potion of mutation {unknown}
Books
 y - a book of Hinderance

   Spells                             Type                      Level
   Confusing Touch                    Hexes                        1
   Confuse                            Hexes                        3
   Petrify                            Transmutation/Earth          4
   Leda's Liquefaction                Hexes/Earth                  4
   Metabolic Englaciation             Hexes/Ice                    5
   Summon Mana Viper                  Hexes/Summoning              5


   Skills:
 + Level 4.2 Fighting
 + Level 7.0 Maces & Flails
 + Level 4.4 Armour
 + Level 1.4 Dodging
 + Level 4.2 Shields


You had 5 spell levels left.
You didn't know any spells.

Dungeon Overview and Level Annotations

Branches:
Dungeon (4/15)
 Temple: D:4-7

Altars:
Ashenzari
Dithmenos
Yredelemnul
The Shining One


Innate Abilities, Weirdness & Mutations

You reflexively headbutt those who attack you in melee.
You have a pair of horns on your head.


Message History

You block the orc priest's attack.
You hear some strange, mumbled words.
The puff of flame hits you!
One of your 2 scrolls labeled THIGEGH KIEKI catches fire!
Your scroll labeled LIKHUNK ATASCHE catches fire!
The orc priest invokes the aid of Beogh against you.
Something smites you!
* * * LOW HITPOINT WARNING * * *
You sock the orc priest!
You kill the orc priest!
You block its attack.
A giant gecko comes into view.
You hear some strange, mumbled words.
You are confused.
Ouch! Ouch! You feel less confused.
You hear some strange, mumbled words.
The magic dart hits you!
You die...

#$ ###.## ..... ...# .
#..# #.# #()#
#########.#
#.####..###.......#.####
#......................#
#..####.###@##.##.#.##.#
l #.# #.##.##.#.##.# #.#
#.##.##.#.##.# #.#
#.##.##...##.# #.#
#.##.####.##.# #.#
#.#(......##.# #.#
#............# .
###..####.####
###....##.#####


There were no monsters in sight!

Vanquished Creatures
  A centaur (D:4)
  A big kobold (Sewer)
  A big fish (Sewer)
  An orc priest (D:4)
  An iguana (D:4)
  2 adders
  A green rat (Sewer)
  2 worms
  4 giant geckos
  2 orcs
  6 giant cockroaches
  5 goblins
  8 hobgoblins
  12 jackals
  4 quokkas
  A ball python (D:3)
  10 bats
  4 giant newts (D:2)
  16 kobolds
  18 rats
  A rat skeleton (D:4)
  2 plants (D:2)
103 creatures vanquished.

Notes
Turn   | Place    | Note
--------------------------------------------------------------
     0 | D:1      | mrath, the Minotaur Fighter, began the quest for the Orb.
     0 | D:1      | Reached XP level 1. HP: 19/19 MP: 1/1
   363 | D:1      | Reached skill level 4 in Armour
   372 | D:1      | Reached XP level 2. HP: 25/27 MP: 1/1
   864 | D:2      | Reached XP level 3. HP: 30/33 MP: 2/2
  1395 | D:2      | Found a basalt altar of Yredelemnul.
  1396 | D:2      | Noticed a profane servitor
  1410 | D:2      | Found a glowing golden altar of the Shining One.
  1411 | D:2      | Noticed an angel
  1892 | D:2      | Reached XP level 4. HP: 13/40 MP: 2/2
  2602 | D:3      | Found a glowing drain.
  2612 | D:3      | Reached skill level 5 in Maces & Flails
  2662 | Sewer    | Entered a sewer
  2781 | Sewer    | Reached XP level 5. HP: 39/46 MP: 2/2
  2858 | Sewer    | Noticed a big kobold
  2894 | Sewer    | Killed a big kobold
  2894 | Sewer    | Reached skill level 6 in Maces & Flails
  3259 | Sewer    | Found a white marble altar of Elyvilon.
  3455 | D:3      | Found a shadowy altar of Dithmenos.
  3455 | D:3      | Found a shattered altar of Ashenzari.
  3689 | D:4      | Noticed a centaur
  3702 | D:4      | Killed a centaur
  3702 | D:4      | Reached skill level 1 in Dodging
  3702 | D:4      | Reached XP level 6. HP: 27/52 MP: 3/3
  3863 | D:4      | Reached skill level 7 in Maces & Flails
  4052 | D:4      | HP: 2/52 [orc priest/divine providence (15)]
  4059 | D:4      | Killed from afar by an orc wizard

Action                   |  1- 3 |  4- 6 || total
-------------------------+-------+-------++-------
Melee: Flail             |   224 |   173 ||   397
Throw: Dart              |       |     6 ||     6
